Map: Frozen Temple

Players

Guru - Winner!

  • Race: Zerg Zerg
  • League: Master

llllllllllll

  • Race: Zerg Zerg
  • League: Grandmaster

VOD

Have the link to the VOD?

Description

Time

  • Played on: Oct. 28, 2016, 9:02 a.m.
  • Length: 13:40
Show
View Real Time Build Order
Export as new Build Order

Guru Zerg - Winner!

Build Orders: Pool First 

Get SALT Encoding   

  12  0:01  Drone  
  13  0:12  Overlord  
  13  0:18  Drone  
  14  0:31  Drone  
  14  0:32  Drone  
  14  0:35  Drone  
  17  0:46  Spawning Pool  
  17  0:49  Drone  
  17  1:11  Unknown, Hatchery  
  17  1:15  Extractor, Drone  
  17  1:18  Drone  
  17  1:21  Drone  
  18  1:32  Queen  
  18  1:37  Overlord  
  20  1:45  Drone  
  21  1:52  Zergling x2  
  22  2:01  Zergling x2  
  23  2:08  Queen  
  25  2:17  Drone  
  26  2:23  Unknown  
  26  2:25  Queen  
  26  2:29  Overlord  
  28  2:36  Drone x3  
  30  2:46  Drone  
  30  2:47  Drone x3  
  30  2:50  Drone  
  35  2:52  Lair  
  35  3:00  Drone x2  
  37  3:06  Roach Warren  
  36  3:16  Drone  
  36  3:17  Drone x2  
  36  3:19  Evolution Chamber  
  38  3:20  Drone  
  38  3:22  Drone x2  
  38  3:25  Drone  
  40  3:29  Drone x2  
  42  3:36  Overlord  
  42  3:38  Drone x2  
  44  3:47  Zerg Missile Weapons Level 1  
  44  3:48  Extractor  
  44  3:50  Glial Reconstitution  
  44  3:51  Extractor, Drone x2  
  44  4:00  Drone x2  
  44  4:01  Drone x3  
  44  4:02  Drone  
  50  4:04  Drone  
  50  4:07  Overlord  
  51  4:15  Overlord  
  51  4:24  Extractor, Roach  
  51  4:25  Overlord  
  51  4:26  Roach x4  
  60  4:34  Roach x3  
  66  4:38  Overlord  
  66  4:43  Roach  
  68  4:48  Roach  
  71  4:52  Drone  
  71  4:54  Roach x2  
  71  4:56  Overlord  
  75  5:01  Roach  
  75  5:04  Overlord  
  77  5:11  Roach x2  
  77  5:12  Roach  
  83  5:18  Unknown, Ravager x2, Hatchery  
  83  5:19  Ravager  
  83  5:21  Overlord  
  85  5:23  Roach  
  85  5:27  Roach  
  89  5:29  Roach  
  89  5:33  Ravager  
  92  5:38  Roach x3  
  92  5:41  Roach  
  100  5:44  Roach  
  100  5:45  Roach  
  104  5:56  Zerg Ground Armor Level 1  
  104  5:57  Roach  
  104  6:00  Overlord  
  104  6:01  Overlord x2  
  106  6:09  Overlord  
  106  6:17  Roach  
  96  6:19  Roach x3  
  96  6:22  Roach x2  
  96  6:23  Roach  
  108  6:28  Roach  
  108  6:30  Unknown  
  110  6:33  Roach x2  
  110  6:36  Overseer  
  110  6:37  Drone x3  
  117  6:40  Drone x2  
  117  6:46  Drone x2  
  121  6:48  Roach x2  
  121  6:54  Drone x2  
  127  6:57  Overlord  
  127  7:02  Overlord  
  127  7:04  Roach  
  127  7:07  Overlord  
  129  7:10  Overlord  
  129  7:14  Drone  
  129  7:15  Drone  
  131  7:16  Overlord  
  131  7:17  Roach x2  
  131  7:20  Roach  
  131  7:22  Burrow  
  137  7:24  Tunneling Claws  
  137  7:26  Drone  
  137  7:29  Drone x2  
  140  7:32  Drone x2  
  140  7:34  Roach  
  140  7:35  Drone  
  145  7:37  Roach  
  145  7:39  Roach  
  145  7:43  Drone  
  150  7:45  Roach x2  
  150  7:46  Roach  
  150  7:49  Ravager  
  150  7:50  Ravager x2  
  159  7:51  Roach x2  
  159  7:55  Roach x2  
  167  7:59  Roach  
  167  8:02  Overlord  
  167  8:04  Overlord  
  169  8:06  Overlord  
  169  8:16  Overlord  
  169  8:17  Extractor  
  169  8:19  Roach  
  170  8:20  Zerg Missile Weapons Level 2  
  170  8:21  Overlord  
  170  8:23  Roach x5  
  170  8:24  Roach  
  182  8:30  Roach x2  
  182  8:32  Roach  
  182  8:33  Roach  
  190  8:35  Roach  
  190  8:36  Roach  
  190  8:40  Roach  
  196  8:42  Roach  
  196  8:43  Roach  
  200  8:53  Roach  
  188  9:04  Roach x4  
  188  9:05  Roach  
  188  9:09  Roach x2  
  188  9:12  Roach x2  
  188  9:16  Roach  
  168  9:17  Roach x3  
  168  9:23  Roach  
  172  9:25  Roach x18  
  172  9:27  Roach x44  
  172  9:28  Roach  
  176  9:32  Roach  
  178  9:39  Roach  
  178  9:40  Roach  
  178  9:43  Roach  
  184  9:46  Roach x2  
  184  9:48  Roach  
  184  9:49  Roach  
  187  9:53  Roach  
  183  10:04  Roach x2  
  164  10:09  Roach x2  
  164  10:12  Roach x2  
  164  10:13  Roach  
  157  10:16  Roach x32  
  157  10:17  Roach  
  157  10:20  Drone x2  
  167  10:21  Roach, Spire  
  167  10:25  Extractor  
  167  10:26  Roach x2  
  169  10:29  Roach  
  169  10:31  Roach x2  
  169  10:32  Roach  
  169  10:33  Unknown, Hatchery  
  176  10:39  Roach x2  
  180  10:46  Overlord  
  180  10:49  Roach x2  
  184  10:51  Roach x2  
  184  10:53  Roach x3  
  189  11:12  Roach x22  
  189  11:13  Roach x3  
  189  11:14  Roach x22  
  195  11:27  Overlord  
  191  11:45  Unknown, Zerg Flyer Weapons Level 1  
  191  11:57  Spine Crawler x2, Drone  
  191  11:58  Spine Crawler x3, Drone x8  
  191  11:59  Spine Crawler x3  
  176  12:22  Mutalisk x2  
  164  12:23  Mutalisk x14  
  164  12:25  Roach x18  
  184  12:33  Mutalisk x2  
  184  12:36  Roach  
  188  12:37  Roach x6  
  188  12:38  Roach x4  
  188  12:39  Roach x2  
  181  12:46  Roach x3  
  181  12:47  Drone x2  
  181  12:49  Drone  
  161  12:52  Roach  
  161  12:55  Roach  
  154  13:01  Mutalisk x2  
  154  13:04  Mutalisk  
  146  13:09  Roach  
  148  13:13  Roach  
  148  13:14  Roach  
  148  13:17  Roach  
  148  13:18  Roach  
Show
View Real Time Build Order
Export as new Build Order

llllllllllll Zerg 

Build Orders: Pool First 

Get SALT Encoding   

  12  0:01  Drone  
  13  0:13  Overlord  
  13  0:17  Drone  
  14  0:31  Drone x2  
  16  0:41  Spawning Pool  
  15  0:45  Drone  
  15  0:48  Drone  
  17  1:08  Unknown, Hatchery  
  16  1:11  Drone  
  17  1:25  Extractor  
  17  1:28  Zergling x6  
  17  1:31  Queen  
  21  1:39  Overlord  
  21  1:50  Drone  
  22  2:01  Drone  
  23  2:07  Queen  
  25  2:11  Drone  
  26  2:19  Unknown  
  26  2:20  Queen  
  26  2:21  Drone  
  29  2:27  Drone  
  29  2:32  Drone  
  29  2:35  Drone  
  31  2:43  Overlord, Drone  
  31  2:44  Drone x2  
  34  2:52  Drone  
  34  2:57  Evolution Chamber  
  34  3:02  Roach Warren  
  34  3:05  Drone x3  
  35  3:14  Drone x2  
  37  3:24  Zerg Ground Armor Level 1, Overlord  
  37  3:26  Drone x3  
  40  3:30  Drone x2  
  42  3:35  Overlord  
  42  3:37  Drone  
  42  3:38  Drone  
  43  3:48  Extractor  
  43  3:49  Extractor  
  43  3:53  Drone x3  
  43  3:54  Drone x2  
  46  3:57  Drone  
  46  3:58  Roach x2  
  46  3:59  Roach  
  53  4:04  Roach  
  55  4:14  Unknown, Hatchery  
  55  4:16  Overlord  
  54  4:22  Roach x2  
  58  4:25  Roach  
  60  4:37  Roach x2  
  64  4:40  Metabolic Boost  
  64  4:43  Overlord  
  64  4:48  Zergling x8  
  68  4:53  Overlord  
  68  5:00  Overlord  
  68  5:02  Ravager x3  
  68  5:03  Zergling x10  
  76  5:12  Ravager  
  77  5:15  Zergling x4  
  79  5:23  Zergling x2  
  79  5:24  Zergling x8  
  79  5:25  Unknown  
  84  5:32  Zergling x12  
  84  5:33  Ravager x2  
  92  5:41  Zergling x4  
  94  5:44  Ravager  
  94  5:47  Overlord x2  
  95  5:55  Zergling x4  
  97  5:58  Ravager  
  84  6:21  Roach x10  
  101  6:29  Drone  
  101  6:30  Drone x5  
  101  6:31  Lair  
  107  6:37  Drone x3  
  107  6:38  Drone x3  
  113  6:40  Zerg Missile Weapons Level 1  
  113  6:45  Overlord  
  113  6:48  Overlord x2  
  113  6:49  Overlord  
  113  6:56  Overlord  
  113  6:57  Unknown  
  113  7:03  Overlord  
  113  7:08  Zergling x6  
  116  7:11  Roach x5  
  116  7:12  Drone  
  116  7:15  Extractor, Drone  
  127  7:17  Overlord  
  127  7:20  Drone  
  128  7:29  Drone x2  
  131  7:30  Overlord, Drone  
  131  7:31  Glial Reconstitution  
  131  7:33  Roach  
  131  7:34  Roach x3  
  139  7:40  Roach x3  
  139  7:42  Overlord  
  145  7:47  Roach  
  145  7:48  Roach x2  
  151  7:55  Overseer  
  151  7:59  Roach x3  
  151  8:05  Roach x6  
  168  8:06  Overlord  
  168  8:10  Overlord  
  168  8:16  Roach x4  
  168  8:18  Overlord  
  176  8:25  Roach x2  
  180  8:34  Zergling x14  
  180  8:35  Ravager  
  180  8:36  Ravager  
  186  8:46  Roach x4  
  177  9:03  Roach x6  
  171  9:12  Roach x2  
  171  9:13  Roach x2  
  171  9:15  Roach  
  171  9:16  Roach  
  155  9:23  Zergling x8  
  151  9:29  Zergling x2  
  150  9:32  Unknown, Ravager x3, Hatchery  
  150  9:34  Zergling x2  
  150  9:35  Zergling x2  
  154  9:43  Extractor, Zergling x6  
  156  9:49  Zergling x2  
  155  10:04  Roach x3  
  155  10:05  Roach x3  
  155  10:06  Roach  
  138  10:11  Roach  
  138  10:13  Roach x2  
  109  10:19  Roach x2  
  102  10:23  Roach x9  
  102  10:25  Roach  
  122  10:31  Queen  
  122  10:32  Roach  
  122  10:33  Roach  
  122  10:35  Overseer  
  128  10:39  Roach  
  130  10:44  Unknown  
  130  10:47  Roach x2  
  130  10:48  Roach  
  136  10:59  Roach x6  
  147  11:07  Roach x4  
  155  11:12  Zergling x12  
  155  11:15  Overseer  
  161  11:22  Roach x6  
  173  11:27  Roach x3  
  179  11:35  Drone x3  
  179  11:36  Drone  
  183  11:40  Roach x4  
  183  11:47  Roach x4  
  197  11:49  Unknown  
  197  11:50  Overseer  
  197  11:52  Ravager  
  198  11:54  Roach  
  198  11:56  Unknown x2  
  198  11:58  Extractor  
  199  12:06  Roach  
  199  12:08  Roach Warren  
  168  12:18  Roach x12  
  179  12:27  Roach x5  
  185  12:32  Roach  
  185  12:33  Roach  
  187  12:37  Roach x2  
  187  12:42  Roach x2  
  187  12:43  Roach  
  187  12:44  Roach  
  177  12:47  Roach  
  157  12:51  Roach x2  
  157  12:54  Roach  
  148  13:00  Roach x2  
  148  13:02  Roach  
  148  13:06  Zergling x6  
  151  13:16  Drone  
  151  13:19  Drone  
  153  13:25  Drone x4  
Tags
 
Add a new tag
Caveats
  • Supply blocks, unpowered buildings, or Contaminate may cause inaccurate times.
  • Supply counts are checked every 10 seconds.